 Dungeon Crawl Stone Soup version 0.31-a0-986-g5e6e4ef867 (webtiles) character file.

Game seed: 8312246671919009396

2389 Danienth the Spear-Bearer (level 9, -2/88 HPs)
             Began as a Troll Fighter on Nov 12, 2023.
             Was a Follower of Okawaru.
             Slain by Prince Ribbit (9 damage)
             ... on level 8 of the Dungeon.
             The game lasted 00:18:05 (3893 turns).

Danienth the Spear-Bearer (Troll Fighter)           Turns: 3893, Time: 00:18:06

Health: -2/88      AC:  6    Str: 22 (24) XL:     9   Next: 22%
Magic:  7/8        EV:  8    Int:  4 (6)  God:    Okawaru [*.....]
Gold:   187        SH:  7    Dex:  9 (11) Spells: 6/8 levels left

rFire   + . .        g - +3 spear (vamp)
rCold   + . .        b - +0 kite shield
rNeg    . . .        c - +2 robe {rC+}
rPois   .            (helmet restricted)
rElec   .            (no cloak)
rCorr   .            (gloves unavailable)
SInv    .            (boots unavailable)
Will    ++...        (no amulet)
Stlth   +            k - ring of willpower
HPRegen 1.14/turn    (no ring)
MPRegen 0.11/turn

%: no passive effects
@: about to teleport, enlightened, flying, hasted, very quick
A: large, unfitting armour, claws 3, regeneration 1, shaggy fur 1, tough skin 1,
fire resistance 1, weak 1, wild magic 1
a: Renounce Religion, Heroism


You were on level 8 of the Dungeon.
You worshipped Okawaru.
Okawaru was aware of your devotion.
You visited 2 branches of the dungeon, and saw 7 of its levels.

You collected 187 gold pieces.

Inventory:

Hand Weapons
 g - a +3 vampiric spear (weapon)
 l - a +0 eveningstar
Missiles
 i - 2 boomerangs
 t - 3 javelins
Armour
 a - a +0 robe
 b - a +0 kite shield (worn)
 c - a +2 robe of cold resistance (worn)
Jewellery
 k - a ring of willpower (left claw)
Wands
 q - a wand of iceblast (6) (quivered)
Scrolls
 d - a scroll of fog
 r - a scroll of enchant weapon
Potions
 e - a potion of mutation
 f - a potion of degeneration
 h - a potion of lignification
 j - a potion of brilliance {unknown}
 m - a potion of haste
 o - a potion of enlightenment


   Skills:
 - Level 5.0 Fighting
 * Level 8.9 Polearms
 - Level 2.1 Armour
 - Level 2.5 Dodging
 - Level 3.0 Shields
 - Level 2.3 Unarmed Combat


You had 6 spell levels left.
You knew the following spells:

 Your Spells              Type           Power      Damage    Failure   Level
a - Ensorcelled Hibernat  Hex/Ice        0%         N/A       93%         2

Your spell library contained the following spells:

 Spells                   Type           Power      Damage    Failure   Level
 Kiss of Death            Conj/Necr      0%         2d5       85%         1
 Sting                    Tmut/Pois      0%         1d3       85%         1
 Jinxbite                 Hex            0%         N/A       93%         2
 Poisonous Vapours        Pois/Air       0%         N/A       93%         2
 Confusing Touch          Hex            0%         N/A       99%         3
 Ozocubu's Armour         Ice            0%         N/A       99%         3
 Anguish                  Hex/Necr       0%         N/A       100%        4
 Dispel Undead            Necr           0%         3d6       100%        4
 Olgreb's Toxic Radiance  Pois           0%         N/A       100%        4
 Vhi's Electric Charge    Tloc/Air       0%         N/A       100%        4
 Arcjolt                  Conj/Air       0%         1d10      100%        5
 Metabolic Englaciation   Hex/Ice        0%         N/A       100%        5
 Maxwell's Capacitive Co  Air            0%         ∞         100%        8
 Simulacrum               Ice/Necr       Unusable   N/A       N/A         6

Dungeon Overview and Level Annotations

Branches:
Dungeon (8/15)             Temple (1/1) D:7
   Lair: D:8-11

Altars:
Ashenzari
Cheibriados
Dithmenos
Fedhas
Gozag
Hepliaklqana
Kikubaaqudgha
Makhleb
Nemelex Xobeh
Okawaru
Qazlal
Ru
Sif Muna
Trog
Uskayaw
Vehumet
Wu Jian
Xom
Yredelemnul
Zin
The Shining One

Annotations:
D:8 Prince Ribbit


Innate Abilities, Weirdness & Mutations

You are too large for most types of armour.
You have claws for hands.
Your natural rate of healing is unusually fast.
You are covered in fur. (AC +1)
You have tough skin. (AC +1)
Your flesh is heat resistant. (rF+)
You are weak. (Str -2)
Your spells are a little harder to cast, but a little more powerful.


Message History

* * * LOW HITPOINT WARNING * * *
As you read the scroll labelled GEYLARO NAJIF, it crumbles to dust.
You feel strangely unstable.
It was a scroll of teleportation.
Prince Ribbit completely misses you.
Reach: g) +3 spear (vamp)
Press: ? - help, Dir - move target, f - steam dragon
Aim: a steam dragon (severely wounded, catching its breath, about 29% to evade your +3 vampiric spear)
You hit the steam dragon.
You feel better.
The steam dragon is almost dead.
You block Prince Ribbit's attack.
Reach: g) +3 spear (vamp)
Press: ? - help, Dir - move target, f/p - steam dragon
Aim: a steam dragon (almost dead, catching its breath, about 29% to evade your +3 vampiric spear)
You hit the steam dragon.
You feel better.
You kill the steam dragon!
Okawaru accepts your kill.
Reach: g) +3 spear (vamp)
Press: ? - help, Dir - move target, f - Prince Ribbit
Aim: Prince Ribbit (steam, lightly wounded, about 44% to evade your +3 vampiric spear)
You miss Prince Ribbit.
Prince Ribbit is lightly wounded.
The steam dragon breathes steam at you. The ball of steam hits you. You resist.
* * * LOW HITPOINT WARNING * * *
Prince Ribbit is engulfed in a cloud of scalding steam.
Prince Ribbit blinks!
Reach: g) +3 spear (vamp)
Press: ? - help, Dir - move target, f - steam dragon
Aim: a steam dragon (steam, about 29% to evade your +3 vampiric spear)
Okay, then.
You feel like a meek peon again. The steam dragon bites you.
* * * LOW HITPOINT WARNING * * *
The steam dragon misses you.
You hit the steam dragon.
You feel better.
The steam dragon is lightly wounded.
The ice beast is engulfed in a cloud of scalding steam.
Prince Ribbit is engulfed in a cloud of scalding steam.
Prince Ribbit hits you!
You die...

#### #§.
#§####
##Y#..#.#
#§D@...[##
#§F###....#
#)....>...#
#K####....#
#)# .. ..
#.#
....###)#
........#
...K###.#


You could see Prince Ribbit, a steam dragon, an ice beast and a kobold.

Vanquished Creatures
  Pikel (D:6)
  Eustachio (D:6)
  A wyvern (D:7)
  A steam dragon (D:8)
  An orc warrior (D:6)
  2 ice beasts
  An ogre (D:7)
  A centaur (D:7)
  A kobold brigand (D:8)
  A phantom (D:7)
  2 bullfrogs (D:7)
  A gnoll sergeant (D:7)
  2 scorpions (D:7)
  3 hounds (D:6)
  3 orc priests
  A jelly (D:6)
  A sleepcap (D:7)
  An iguana (D:6)
  8 orc wizards
  4 gnolls (D:7)
  9 adders
  A shadow imp (D:7)
  A worm (D:2)
  A dart slug (D:1)
  21 orcs
  5 bats
  5 endoplasms
  4 giant cockroaches
  4 goblins
  4 hobgoblins
  2 jackals (D:2)
  3 quokkas
  5 ball pythons
  3 frilled lizards
  9 kobolds
  6 rats
120 creatures vanquished.

Vanquished Creatures (others)
  A dart slug (D:3)
  2 kobolds (D:8)
3 creatures vanquished.

Grand Total: 123 creatures vanquished

Notes
Turn   | Place    | Note
-------+----------+-------------------------------------------
     0 | D:1      | Danienth the Troll Fighter began the quest for the Orb.
     0 | D:1      | Reached XP level 1. HP: 22/22 MP: 0/0
    64 | D:1      | Reached XP level 2. HP: 29/29 MP: 1/1
   775 | D:2      | Reached skill level 1 in Polearms
   775 | D:2      | Reached XP level 3. HP: 36/36 MP: 2/2
   822 | D:2      | Reached skill level 1 in Armour
  1059 | D:2      | Reached XP level 4. HP: 19/44 MP: 3/3
  1062 | D:2      | Reached skill level 2 in Polearms
  1764 | D:3      | Reached XP level 5. HP: 50/50 MP: 4/4
  1777 | D:3      | Reached skill level 3 in Polearms
  2172 | D:3      | You fall into a shaft and drop 3 floors!
  2181 | D:6      | Reached XP level 6. HP: 49/59 MP: 5/5
  2248 | D:6      | Reached skill level 4 in Polearms
  2286 | D:6      | Noticed an ice beast
  2312 | D:6      | Killed an ice beast
  2321 | D:6      | Reached XP level 7. HP: 61/67 MP: 6/6
  2347 | D:6      | Noticed Pikel
  2374 | D:6      | Noticed Eustachio
  2382 | D:6      | Killed Pikel
  2383 | D:6      | Reached skill level 5 in Polearms
  2391 | D:6      | Reached XP level 8. HP: 74/79 MP: 7/7
  2424 | D:6      | Reached skill level 6 in Polearms
  2440 | D:6      | Killed Eustachio
  2956 | D:7      | Learned a level 2 spell: Ensorcelled Hibernation
  2978 | D:7      | Found a staircase to the Ecumenical Temple.
  2989 | Temple   | Entered the Ecumenical Temple
  3019 | Temple   | Became a worshipper of Warmaster Okawaru
  3098 | Temple   | Reached skill level 5 in Fighting
  3171 | D:7      | Reached skill level 7 in Polearms
  3341 | D:7      | Reached * piety under Okawaru
  3378 | D:7      | Reached skill level 8 in Polearms
  3454 | D:7      | Reached XP level 9. HP: 66/88 MP: 8/8
  3867 | D:8      | Noticed Prince Ribbit
  3870 | D:8      | Reached ** piety under Okawaru
  3882 | D:8      | Gained mutation: Your flesh is heat resistant. (rF+)
                  | [potion of mutation]
  3882 | D:8      | Gained mutation: You are weak. (Str -2) [potion of
                  | mutation]
  3882 | D:8      | Gained mutation: Your spells are a little harder to cast,
                  | but a little more powerful. [potion of mutation]
  3893 | D:8      | Slain by Prince Ribbit

Illustrated notes

Levels and vault maps discovered:
D:1:      dpeg_arrival_arbitrary_b, layout_rooms, minmay_tromino_v2
D:2:      layout_loops_ring, roderic_lattice_a, minmay_cupped
D:3:      layout_loops_corners, elyvilon_altar_4
D:6:      layout_rooms, minmay_fountain_box, nrook_mini_vaults, uniq_pikel,
          uniq_eustachio
D:7:      layout_gridville, minmay_temple_entry_crystal_x, serial_bayou_lagoon_a
D:8:      layout_basic, lair_entry_dummy, minmay_fractal_squares_5,
          uniq_jeremiah, uniq_prince_ribbit1
Temple:   nicolae_temple_the_god_donut

Skill      XL: |  1  2  3  4  5  6  7  8 |
---------------+-------------------------+-----
Polearms       | 1 2 3 4 5 8 |  8.9
Armour         | 1 2 |  2.1
Shields        | 3 |  3.0
Fighting       | 3 4 5 |  5.0
Dodging        | |  2.5
Unarmed Combat | |  2.3

Action                     |  1- 3 |  4- 6 |  7- 9 || total
---------------------------+-------+-------+-------++-------
  Melee: Unarmed           |    28 |       |       ||    28
         Spear             |    92 |   168 |   194 ||   454
 Invoke: Heroism           |       |       |     1 ||     1
  Evoke: Wand              |       |     6 |    23 ||    29
    Use: Scroll            |     4 |       |    10 ||    14
         Potion            |       |       |    11 ||    11
   Stab: Sleeping          |     1 |     2 |       ||     3
 Armour: Robe              |    74 |    85 |   151 ||   310
  Dodge: Dodged            |    34 |    35 |    73 ||   142
  Block: Kite shield       |    40 |    45 |    65 ||   150

Table legend: (Time is in decaauts)
 A = Elapsed time spent in this place.
 B = Non-inter-level travel time spent in this place.
 C = Inter-level travel time spent in this place.
 D = Time resting spent in this place.
 E = Time spent auto-exploring this place.
 F = Levels seen in this place.
 G = Mean time per level.
                   A        B        C        D        E       F      G
               +--------+--------+--------+--------+--------+-----+--------+
         Total |   3892 |   3726 |    166 |    536 |   2331 |   7 |  556.0 |
       Dungeon |   3825 |   3713 |    112 |    536 |   2331 |   6 |  637.5 |
        Temple |     66 |     12 |     54 |      0 |      0 |   1 |   66.0 |
               +--------+--------+--------+--------+--------+-----+--------+

Top non-repeatable levels by time:
     D:2: 955 daAuts
     D:7: 864 daAuts
     D:6: 734 daAuts
     D:1: 666 daAuts
     D:3: 576 daAuts
  Temple: 66 daAuts
     D:8: 28 daAuts
